 Dungeon Crawl Stone Soup version 0.30-a0-141-g30f27751c5 (webtiles) character file.

Game seed: 10915409835546702323

533 Decritt the Shield-Bearer (level 7, -3/44 HPs)
             Began as a Gargoyle Fighter on Sept 25, 2022.
             Was a Follower of Elyvilon.
             Slain by an ogre
             ... wielding a +0 giant spiked club
              (10 damage)
             ... on level 5 of the Dungeon.
             The game lasted 00:05:55 (3575 turns).

Decritt the Shield-Bearer (Gargoyle Fighter)        Turns: 3575, Time: 00:05:56

Health: -3/44      AC: 14    Str: 21    XL:     7   Next: 24%
Magic:  7/7        EV:  9    Int:  9    God:    Elyvilon [*.....]
Gold:   191        SH:  4    Dex:  9    Spells: 6/6 levels left

rFire   . . .      SeeInvis .    a - +0 flail
rCold   . . .      Faith    .    c - +0 buckler
rNeg    + . .      Spirit   .    b - +0 scale mail
rPois   ∞          Reflect  .    o - +0 helmet
rElec   +          Harm     .    (no cloak)
rCorr   .          Rampage  .    n - +0 pair of gloves
Will    .....                    (no boots)
Stlth   ..........               h - amulet of regeneration
HPRegen 0.94/turn                (no ring)
MPRegen 0.10/turn                (no ring)

@: no status effects
A: sickness immunity, AC +4, negative energy resistance 1, electricity
resistance, torment resistance 1, petrification resistance
a: Renounce Religion, Purification


You were on level 5 of the Dungeon.
You worshipped Elyvilon.
Elyvilon was aware of your devotion.
You visited 1 branch of the dungeon, and saw 5 of its levels.

You collected 215 gold pieces.
You spent 24 gold pieces at shops.

Inventory:

Hand Weapons
 a - a +0 flail (weapon)
Armour
 b - a +0 scale mail (worn)
 c - a +0 buckler (worn)
 n - a +0 pair of gloves (worn)
 o - a +0 helmet (worn)
Jewellery
 h - an amulet of regeneration (around neck)
 l - a ring of magical power
Scrolls
 f - 3 scrolls of teleportation
 j - a scroll of enchant weapon {unknown}
 s - a scroll of torment {unknown}
 t - a scroll of enchant armour {unknown}
Potions
 d - a potion of might
 e - a potion of lignification
 i - a potion of attraction {unknown}
 k - a potion of heal wounds {unknown}
 m - a potion of cancellation
 p - a potion of curing {unknown}
 q - a potion of flight


   Skills:
 + Level 5.2 Fighting
 + Level 4.1 Maces & Flails
 + Level 5.2 Armour
 + Level 5.3 Shields


You had 6 spell levels left.
You didn't know any spells.
Your spell library contained the following spells:

 Spells                   Type           Power      Damage    Failure   Level
 Call Canine Familiar     Summ           0%         N/A       99%         3
 Portal Projectile        Hex/Tloc       0%         N/A       99%         3
 Leda's Liquefaction      Hex/Erth       0%         N/A       100%        4


Dungeon Overview and Level Annotations

Branches:
Dungeon (5/15)
 Temple: D:4-7

Altars:
Elyvilon
Qazlal

Shops:
D:4 ?


Innate Abilities, Weirdness & Mutations

You are immune to sickness and miasma.
Your stone body is resilient. (AC +4)
You are immune to poison.
You resist negative energy. (rN+)
You are resistant to electric shocks. (rElec)
You are resistant to unholy torment.
You are immune to petrification.


Message History

You closely miss the iguana. The iguana barely misses you.
You hit the iguana.
The iguana is moderately wounded.
The iguana barely misses you.
You thump the iguana!
The iguana is almost dead.
The iguana bites you but does no damage.
The iguana bites you.
You barely miss the iguana.
The iguana is almost dead.
The iguana barely misses you.
You hit the iguana.
You kill the iguana!
No target in view!
No target in view!
An ogre comes into view. It is wielding a +0 giant spiked club.
Found a potion of flight.
The ogre shouts!
The ogre hits you with a +0 giant spiked club!
You sock the ogre!
The ogre is moderately wounded.
You block the ogre's attack.
You hit the ogre.
The ogre is heavily wounded.
You hit the ogre.
The ogre is severely wounded.
The ogre hits you with a +0 giant spiked club!
You closely miss the ogre.
The ogre is severely wounded.
The ogre hits you with a +0 giant spiked club!!
Ouch! That really hurt!
* * * LOW HITPOINT WARNING * * *
Okay, then.
You thump the ogre!
The ogre is almost dead.
The ogre barely misses you.
You hit the ogre.
The ogre is almost dead.
The ogre hits you with a +0 giant spiked club!
You die...

#.# #####.# ....
..##.# ...# #.##'##
# ... # #.#...## #.
..##. # #......##
#.###....
###.......## ......#
##.<.......####.O.##
...........+....@.!#
...........####...##
###.......## ##.##
####.....## #.#
....#...## #.#
###.##+## #.# #
#.##.# #.#
###.##.###### #.#
..#.##......# #.#


You could see an ogre.

Vanquished Creatures
  A water moccasin (D:5)
  An ogre (D:4)
  2 hounds (D:4)
  A jelly (D:5)
  2 orc priests
  An iguana (D:5)
  An orc wizard (D:3)
  6 adders
  A white imp (D:5)
  An ufetubus (D:4)
  A worm (D:3)
  A dart slug (D:1)
  6 orcs
  6 bats
  6 endoplasms
  6 goblins
  5 hobgoblins
  4 jackals (D:2)
  6 kobolds
  3 quokkas
  9 ball pythons
  3 frilled lizards
  5 rats
78 creatures vanquished.

Vanquished Creatures (others)
  2 fungi (D:1)
2 creatures vanquished.

Grand Total: 80 creatures vanquished

Notes
Turn   | Place    | Note
-------+----------+-------------------------------------------
     0 | D:1      | Decritt the Gargoyle Fighter began the quest for the Orb.
     0 | D:1      | Reached XP level 1. HP: 14/14 MP: 1/1
   155 | D:1      | Reached XP level 2. HP: 18/19 MP: 2/2
   466 | D:1      | Reached XP level 3. HP: 12/23 MP: 3/3
   995 | D:1      | Found a faded altar of an unknown god.
  1601 | D:2      | Reached XP level 4. HP: 29/29 MP: 4/4
  1782 | D:3      | Noticed Sigmund
  1782 | D:3      | Found a stormy altar of Qazlal.
  1808 | D:3      | Found a white marble altar of Elyvilon.
  1824 | D:3      | Became a worshipper of Elyvilon the Healer
  1853 | D:3      | Reached XP level 5. HP: 28/33 MP: 5/5
  2361 | D:4      | Noticed an ogre
  2372 | D:4      | Killed an ogre
  2373 | D:4      | Reached XP level 6. HP: 39/39 MP: 6/6
  2549 | D:4      | Reached * piety under Elyvilon
  2882 | D:4      | Found Veiru's Magic Scroll Shop.
  2886 | D:4      | Bought a scroll of identify for 24 gold pieces
  3463 | D:5      | Entered Level 5 of the Dungeon
  3470 | D:5      | Reached skill level 5 in Shields
  3481 | D:5      | Noticed a water moccasin
  3513 | D:5      | Killed a water moccasin
  3514 | D:5      | Reached skill level 5 in Fighting
  3514 | D:5      | Reached skill level 5 in Armour
  3514 | D:5      | Reached XP level 7. HP: 44/44 MP: 7/7
  3575 | D:5      | Slain by an ogre

Illustrated notes

Levels and vault maps discovered:
D:1:      tarquinn_simple_flora_water_f, layout_loops_ring,
          shapermc_ecumenical_altar_petra
D:2:      layout_loops_ring, minmay_octomino_e4
D:3:      layout_rooms, grunt_qazlal_sundering, elyvilon_altar_5,
          roderic_serpentine_path, chequers_garden, uniq_sigmund
D:4:      nicolae_cairo_tiling_very_big, layout_layer_cave, serial_shops, shop
D:5:      layout_loops_corners, nicolae_wu_jian_immortal_techniques

Skill      XL: |  1  2  3  4  5  6 |
---------------+-------------------+-----
Armour         | 4 5 |  5.2
Shields        | 4 5 |  5.3
Fighting       | 4 5 |  5.2
Maces & Flails | 3 4 |  4.1

Action                   |  1- 3 |  4- 6 |  7- 9 || total
-------------------------+-------+-------+-------++-------
Melee: Flail             |   141 |   163 |    13 ||   317
  Use: Scroll            |       |     5 |       ||     5
Armor: Scale mail        |    96 |    98 |     1 ||   195
Dodge: Dodged            |    72 |    77 |     5 ||   154
Block: Buckler           |    38 |    48 |     1 ||    87

Table legend: (Time is in decaauts)
 A = Elapsed time spent in this place.
 B = Non-inter-level travel time spent in this place.
 C = Inter-level travel time spent in this place.
 D = Time resting spent in this place.
 E = Time spent auto-exploring this place.
 F = Levels seen in this place.
 G = Mean time per level.
                   A        B        C        D        E       F      G
               +--------+--------+--------+--------+--------+-----+--------+
         Total |   3665 |   3567 |     98 |      4 |   2825 |   5 |  733.0 |
       Dungeon |   3665 |   3567 |     98 |      4 |   2825 |   5 |  733.0 |
               +--------+--------+--------+--------+--------+-----+--------+

Top non-repeatable levels by time:
     D:4: 1130 daAuts
     D:1: 1052 daAuts
     D:2: 782 daAuts
     D:3: 576 daAuts
     D:5: 123 daAuts
